 Dungeon Crawl Stone Soup version 0.30.0-29-ga12c61a403 (webtiles) character file.

Game seed: 2902547331217736545

37 qw the Chopper (level 3, -2/23 HPs)
             Began as a Gargoyle Fighter on June 4, 2023.
             Slain by a +3 spectral club (7 damage)
             ... created by Ijyb
             ... on level 3 of the Dungeon.
             The game lasted 00:00:42 (1660 turns).

qw the Chopper (Gargoyle Fighter)                   Turns: 1660, Time: 00:00:43

Health: -2/23      AC: 12    Str: 21    XL:     3   Next: 41%
Magic:  3/3        EV:  7    Int:  8    God:
Gold:   126        SH:  4    Dex:  9    Spells: 2/2 levels left

rFire   . . .        Y - +2 war axe
rCold   . . .        c - +0 buckler
rNeg    + . .        g - +0 chain mail
rPois   inf          (no helmet)
rElec   +            f - scarf {repulsion}
rCorr   .            (no gloves)
SInv    .            (no boots)
Will    .....        k - amulet of faith Stlth
                     (no ring)
HPRegen 0.23/turn    (no ring)
MPRegen 0.08/turn

%: repel missiles, faith
@: hasted, very quick
A: sickness immunity, AC +3, negative energy resistance 1, electricity
resistance, torment resistance 1, petrification resistance
a: no special abilities


You were on level 3 of the Dungeon.
You visited 1 branch of the dungeon, and saw 3 of its levels.

You collected 126 gold pieces.


Innate Abilities, Weirdness & Mutations

You are immune to sickness and miasma.
Your stone body is resilient. (AC +3)
You are immune to poison.
You resist negative energy. (rN+)
You are resistant to electric shocks. (rElec)
You are resistant to unholy torment.
You are immune to petrification.


   Skills:
 - Level 3.2 Fighting
 + Level 3.4 Axes
 - Level 3.2 Armour
 - Level 3.2 Shields


You had 2 spell levels left.
You didn't know any spells.
Your spell library was empty.

Inventory:

Hand Weapons
 e - a +0 club
 Y - a +2 war axe (weapon)
Armour
 c - a +0 buckler (worn)
 f - a scarf of repulsion (worn)
 g - a +0 chain mail (worn)
Jewellery
 b - an amulet of regeneration
 k - an amulet of faith (around neck)
Scrolls
 a - a scroll of identify
Potions
 d - a potion of might
 h - a potion of cancellation {unknown}
 i - a potion of curing {unknown}
 j - a potion of invisibility {unknown}
 l - a potion of haste
 n - a potion of flight {unknown}

Dungeon Overview and Level Annotations

Branches:
Dungeon (3/15)

Altars:

Annotations:
D:3 Ijyb


Message History

Enter note:
Enter note: Done exploring.
1635 ||| DRINKING 2 metallic golden potions.
It was a potion of haste.
You feel yourself speed up.
Done exploring.
(D) Dungeon
Where to? (* - list waypoints, Enter - D:2, ? - help)
What level of the Dungeon? (default 1, ? - help)
There is a stone staircase leading down here.
You climb downwards.
The hobgoblin shouts!
Found 4 boomerangs and 9 gold pieces.
Found a stone staircase leading down.
There is a stone staircase leading up here.
There are monsters nearby!
Waypoint 2 assigned to D:3.
You slash the hobgoblin!
You kill the hobgoblin!
You slash Ijyb!
Ijyb is moderately wounded.
You completely miss Ijyb.
Ijyb is moderately wounded.
Ijyb hits you but does no damage. The +3 spectral club hits you.
A +3 spectral club comes into view.
You barely miss Ijyb.
Ijyb is moderately wounded.
You hit the +3 spectral club. Ijyb hits you with a +3 spectral club.
You block the +3 spectral club's attack.
You hit Ijyb but do no damage.
Ijyb is moderately wounded.
You hit the +3 spectral club.
Ijyb shares her spectral weapon's damage!
Ijyb zaps a wand.
The puff of flame hits you!
You closely miss Ijyb.
Ijyb is moderately wounded.
You closely miss the +3 spectral club.
The +3 spectral club disappears.
Ijyb closely misses you. The +3 spectral club hits you!
You die...

#.#.# . ##.#$#
.. ....### #..
#.....#
#...###.....####
#..............
#.....(..#####
#..><.@g(.....
#.#.##########
#. ##


You could see a +3 spectral club (wandering) and Ijyb.

Vanquished Creatures
  A worm (D:2)
  3 ball pythons (D:1)
  3 bats
  3 endoplasms
  2 giant cockroaches
  3 goblins (D:1)
  3 hobgoblins
  3 quokkas (D:1)
  2 frilled lizards
  3 kobolds (D:1)
  2 rats
28 creatures vanquished.

Notes
Turn   | Place    | Note
-------+----------+-------------------------------------------
     0 | D:1      | qw the Gargoyle Fighter began the quest for the Orb.
     0 | D:1      | Reached XP level 1. HP: 14/14 MP: 1/1
     0 | D:1      | 0 ||| qw: Version: 0.2-a-106-g05974ce
     0 | D:1      | 0 ||| qw: Game counter: 1161
     0 | D:1      | 0 ||| qw: Always use a shield: true
     0 | D:1      | 0 ||| qw: God list: Okawaru
     0 | D:1      | 0 ||| qw: Allow faded altars: false
     0 | D:1      | 0 ||| qw: Do Orc after D:15 true
     0 | D:1      | 0 ||| qw: Do second Lair branch before Depths: true
     0 | D:1      | 0 ||| qw: Lair rune preference: random
     0 | D:1      | 0 ||| qw: Plans: Normal, Zot:1-4, Slime:5, God:TSO, Crypt,
                  | Tomb, Abyss, Pan, Hells, Win
     0 | D:1      | 0 ||| PLANNING D:1-11
   212 | D:1      | Reached XP level 2. HP: 19/19 MP: 2/2
   521 | D:1      | Reached skill level 3 in Axes
   879 | D:1      | 879 ||| UPGRADING to scarf of repulsion.
   884 | D:1      | 884 ||| UPGRADING to +0 chain mail.
   894 | D:1      | 894 ||| DROPPING +0 scale mail.
   895 | D:1      | 895 ||| UPGRADING to amulet of faith.
   900 | D:1      | 900 ||| DROPPING ring of flight.
   901 | D:1      | 901 ||| READING 2 scrolls labelled EGUSSA LILEG.
   902 | D:1      | 902 ||| READING scroll labelled MORRAI JOLIEKHITT.
   903 | D:1      | 903 ||| READING scroll labelled ZEMEISI FAYK.
  1028 | D:2      | Reached XP level 3. HP: 23/23 MP: 3/3
  1263 | D:2      | 1263 ||| Stepping ~*~*~tactically~*~*~ (stealth).
  1272 | D:2      | 1272 ||| Stepping ~*~*~tactically~*~*~ (stealth).
  1418 | D:2      | 1418 ||| READING scroll of enchant weapon.
  1418 | D:2      | 1418 ||| ENCHANTING +1 war axe.
  1630 | D:2      | 1630 ||| READING scroll labelled ALARHAXTE XUOTSEO.
  1635 | D:2      | 1635 ||| DRINKING 2 metallic golden potions.
  1652 | D:3      | Noticed Ijyb
  1659 | D:3      | HP: 4/23 [Ijyb/puff of flame (10)]
  1660 | D:3      | Slain by a +3 spectral club

Levels and vault maps discovered:
D:1:      saegor_arrival_miasma, layout_basic
D:2:      layout_basic
D:3:      layout_basic, mainiacjoe_overflow_brackets, mrwooster_statue_mirror,
          nicolae_underground_beach, uniq_terence, uniq_ijyb

Skill      XL: |  1  2 |
---------------+-------+-----
Axes           | 2 3 |  3.4
Fighting       | |  3.2
Armour         | |  3.2
Shields        | |  3.2

Action                     || total
---------------------------++-------
  Melee: War axe           ||    74
    Use: Scroll            ||     5
         Potion            ||     1
 Armour: Scale mail        ||    19
         Chain mail        ||    15
  Dodge: Dodged            ||    28
  Block: Buckler           ||    11

Table legend:
 A = Non-vault XP
 B = Vault XP
 C = Vault XP percentage of total XP
 D = Non-vault monster count
 E = Vault monster count
 F = Vault count percentage of total count
                 A         B        C        D         E       F
            +---------+---------+-------+---------+---------+-------
      Total |      54 |       0 |   0.0 |      28 |       0 |   0.0
            +---------+---------+-------+---------+---------+-------
        D:1 |      33 |       0 |   0.0 |      18 |       0 |   0.0
        D:2 |      19 |       0 |   0.0 |       9 |       0 |   0.0
        D:3 |       2 |       0 |   0.0 |       1 |       0 |   0.0
            +---------+---------+-------+---------+---------+-------
